 Dungeon Crawl Stone Soup version 0.26-a0-466-g989023bd0d (webtiles) character file.

Game seed: 1130784960408671667

541 lupine the Sneak (level 7, -3/48 HPs)
             Began as an Octopode Fighter on Aug 12, 2020.
             Slain by an ice beast (10 damage)
             ... on level 5 of the Dungeon.
             The game lasted 00:05:15 (5058 turns).

lupine the Sneak (Octopode Fighter)                 Turns: 5058, Time: 00:05:16

Health: -3/48      AC:  3    Str: 17    XL:     7   Next: 26%
Magic:  7/7        EV: 12    Int: 10    God:
Gold:   223        SH:  9    Dex: 12    Spells: 6/6 levels left

rFire    . . .     SeeInvis .   a - +0 trident
rCold    . . .     Faith    .   b - +0 kite shield
rNeg     . . .     Spirit   .   o - +2 hat
rPois    .         Reflect  .   i - amulet of the acrobat (curse)
rElec    .         Harm     .   (no ring)
rCorr    .                      (no ring)
MR       .....                  (no ring)
Stlth    ++++......             (no ring)
HPRegen  0.16/turn              (no ring)
MPRegen  0.10/turn              (no ring)
                                (no ring)
                                (no ring)

@: no status effects
A: almost no armour, stealthy swim, amphibious, 8 rings, constrict 8, camouflage
1, gelatinous body 1
a: no special abilities


You were on level 5 of the Dungeon.
You visited 1 branch of the dungeon, and saw 5 of its levels.

You collected 223 gold pieces.

Inventory:

Hand Weapons
 a - a +0 trident (weapon)
Missiles
 r - 5 poisoned darts (quivered)
Armour
 b - a +0 kite shield (worn)
 o - a +2 hat (worn)
Jewellery
 i - a cursed amulet of the acrobat (around mantle)
Wands
 t - a wand of digging (1)
Scrolls
 f - a scroll of remove curse {unknown}
 h - 7 scrolls of identify {unknown}
 l - a scroll of enchant weapon {unknown}
 n - 2 scrolls of teleportation {unknown}
 v - a scroll of magic mapping {unknown}
 w - a scroll of fear {unknown}
 x - a scroll of blinking {unknown}
 y - 3 scrolls of fog {unknown}
Potions
 c - a potion of might
 d - 3 potions of magic {unknown}
 e - 2 potions of stabbing {unknown}
 g - a potion of cancellation {unknown}
 j - a potion of flight {unknown}
 k - a potion of berserk rage {unknown}
 m - 2 potions of brilliance {unknown}
 p - a potion of resistance {unknown}
 q - 2 potions of curing {unknown}
 s - a potion of degeneration {unknown}
 u - a potion of lignification {unknown}


   Skills:
 + Level 4.0 Fighting
 + Level 4.8 Polearms
 + Level 0.4 Throwing
 + Level 3.8 Dodging
 + Level 5.1 Stealth
 + Level 4.0 Shields


You had 6 spell levels left.
You didn't know any spells.
Your spell library was empty.

Dungeon Overview and Level Annotations

Branches:
Dungeon (5/15)
 Temple: D:4-7

Altars:
Okawaru


Innate Abilities, Weirdness & Mutations

You cannot wear most types of armour.
You are very stealthy in the water. (Stealth+)
You are amphibious.
You can wear up to eight rings at the same time.
You can use your tentacles to constrict eight enemies at once.
Your skin changes colour to match your surroundings (Stealth+).
Your rubbery body absorbs attacks. (AC +1, EV +1)


Message History

You hit the ice beast but do no damage.
The ice beast is severely wounded.
You block the ice beast's attack.
You completely miss the ice beast. Your squeeze misses the ice beast.
The ice beast is severely wounded.
The ice beast hits you. The ice beast freezes you!
You are too injured to fight recklessly!
You are too injured to fight recklessly!
Unknown command.
You are too injured to fight recklessly!
You hit the ice beast.
The ice beast is almost dead.
The ice beast hits you. The ice beast freezes you.
* * * LOW HITPOINT WARNING * * *
Your shield prevents you from hitting the ice beast.
The ice beast is almost dead.
The ice beast hits you.
* * * LOW HITPOINT WARNING * * *
The ice beast freezes you!
You die...

################ #####
##...............
......##..............#.
......Y@..####.†...(..#.
......#...####........#.
..... #...#...........#.
.... ...[...#..........<
... ###...#.#.........#.
.. ....#.#.....)..... #
>###.# ###......... ..
... .........<..
.......####..


You could see an ice beast.

Vanquished Creatures
  An ogre (D:4)
  A hound (D:4)
  A jelly (D:2)
  An orc priest (D:4)
  2 bullfrog skeletons (D:4)
  An orc wizard (D:4)
  An iguana (D:4)
  2 worker ants (D:4)
  A hound zombie (D:5)
  Robin (D:3)
  7 adders
  2 worms
  3 dart slugs
  5 leopard geckos
  8 orcs
  5 ball pythons
  3 giant cockroaches
  7 goblins
  9 hobgoblins
  9 jackals
  5 quokkas
  11 bats
  4 frilled lizards
  9 kobolds
  7 rats
106 creatures vanquished.

Notes
Turn   | Place    | Note
-------+----------+-------------------------------------------
     0 | D:1      | lupine the Octopode Fighter began the quest for the Orb.
     0 | D:1      | Reached XP level 1. HP: 16/16 MP: 1/1
   106 | D:1      | Reached XP level 2. HP: 11/21 MP: 2/2
  1417 | D:1      | Reached XP level 3. HP: 26/26 MP: 3/3
  1648 | D:2      | Reached skill level 1 in Stealth
  1648 | D:2      | Reached XP level 4. HP: 24/31 MP: 4/4
  1933 | D:2      | Found a faded altar of an unknown god.
  2036 | D:2      | Reached skill level 2 in Stealth
  2443 | D:3      | Found an iron altar of Okawaru.
  2600 | D:3      | Reached skill level 3 in Stealth
  2600 | D:3      | Reached XP level 5. HP: 30/36 MP: 5/5
  2930 | D:3      | Noticed Robin
  2941 | D:3      | Killed Robin
  3682 | D:4      | Reached skill level 4 in Stealth
  3686 | D:4      | Reached XP level 6. HP: 9/42 MP: 6/6
  4860 | D:4      | Reached XP level 7. HP: 47/47 MP: 7/7
  4944 | D:5      | Entered Level 5 of the Dungeon
  4951 | D:4      | Reached skill level 5 in Stealth
  5058 | D:5      | Slain by an ice beast

Illustrated notes

Levels and vault maps discovered:
D:1:      kilobyte_arrival_exit_the_forest, layout_basic, minmay_misc_feat_tiny
D:2:      minmay_evil_eye, layout_loops_ring, chequers_ecumenical_altar_lobes,
          serial_bayou_pond_c
D:3:      layout_basic, okawaru_trees_2, uniq_robin
D:4:      layout_basic
D:5:      kb_forest_paths, layout_basic, serial_shops, kennysheep_mini_moat,
          chequers_serial_rivers_large_a

Skill      XL: |  1  2  3  4  5  6  7 |
---------------+----------------------+-----
Stealth        | 1 3 4 5 |  5.1
Polearms       | 3 4 |  4.8
Fighting       | 4 |  4.0
Shields        | 4 |  4.0
Throwing       | |  0.4
Dodging        | |  3.8

Action                   |  1- 3 |  4- 6 |  7- 9 || total
-------------------------+-------+-------+-------++-------
Melee: Trident           |    56 |   168 |    28 ||   252
       Constrict         |    11 |    34 |     5 ||    50
       Tentacles         |     6 |     9 |     6 ||    21
Throw: Dart              |       |     5 |       ||     5
 Stab: Sleeping          |     8 |    22 |     3 ||    33
       Distracted        |       |     1 |       ||     1
Armor: Skin              |     4 |    18 |     2 ||    24
Dodge: Dodged            |    21 |    67 |     5 ||    93
Block: Kite shield       |    24 |    53 |    17 ||    94

Table legend: (Time is in decaauts)
 A = Elapsed time spent in this place.
 B = Non-inter-level travel time spent in this place.
 C = Inter-level travel time spent in this place.
 D = Time resting spent in this place.
 E = Time spent auto-exploring this place.
 F = Levels seen in this place.
 G = Mean time per level.
                   A        B        C        D        E       F      G
               +--------+--------+--------+--------+--------+-----+--------+
         Total |   5125 |   5014 |    111 |   1919 |   2397 |   5 | 1025.0 |
       Dungeon |   5125 |   5014 |    111 |   1919 |   2397 |   5 | 1025.0 |
               +--------+--------+--------+--------+--------+-----+--------+

Top non-repeatable levels by time:
     D:1: 1565 daAuts
     D:3: 1543 daAuts
     D:4: 1134 daAuts
     D:2: 775 daAuts
     D:5: 107 daAuts
